AoeStats
← Joaquito

Arena

506787818Analyzed
3v3 RM · 17d ago on Sep 15, 2026· 41m 29s· 6 players
Game mode
Random Map
Map size
Normal (6 player)
Population
200
Speed
Normal
Resources
Standard
Victory
Conquest
Starting age
Dark Age
Ending age
Imperial Age
RankedLock teamsTeams togetherTeam positionsShared explorationLock speedFull tech treeHidden civsTurbo modeCheats
Victory
Defeat
🇨🇱 Shu · Chile
1098
+15
🇨🇱 Cumans · Chile
1028
+17
🇨🇱 Bohemians · Chile
982
+19
🇨🇷 Turks · Costa Rica
1137
-20
🇨🇷 Chinese · Costa Rica
1041
-16
🇨🇷 Britons · Costa Rica
1005
-15
Joaquito
10:21 Feudal Age
15:08 Fletching
15:18 Padded Archer Armor
16:02 Double-Bit Axe
23:38 Castle Age
22:14 Horse Collar
22:37 Gold Mining
23:39 Crossbowman
24:27 Thumb Ring
24:20 Bodkin Arrow
24:50 Leather Archer Armor
25:22 Bow Saw
28:30 Wheelbarrow
27:41 Loom
28:34 Wheelbarrow
29:10 Gold Shaft Mining
35:46 Imperial Age
35:46 Scale Barding Armor
35:51 Forging
35:39 Town Watch
36:11 Hand Cart
36:10 Husbandry
37:27 Heavy Hei Guang Cavalry
38:39 Stone Mining
38:19 Arbalester
cacadecaca38
11:51 Feudal Age
14:49 Man-at-Arms
15:55 Forging
23:28 Scale Mail Armor
27:40 Double-Bit Axe
34:10 Wheelbarrow
37:07 Castle Age
35:31 Gold Mining
37:35 Capped Ram
37:42 Long Swordsman
38:25 Squires
38:10 Arson
39:05 Iron Casting
38:45 Chain Mail Armor
38:48 Hand Cart
Arzzeus
11:09 Feudal Age
15:54 Castle Age
16:32 Double-Bit Axe
23:00 Horse Collar
24:06 Bow Saw
27:20 Chemistry
30:08 Heavy Plow
30:21 Wagenburg Tactics
32:13 Wheelbarrow
35:07 Imperial Age
35:13 Imperial Age
33:05 Masonry
33:57 Treadmill Crane
34:15 Murder Holes
35:37 Houfnice
38:35 Hand Cart
37:50 Houfnice
40:14 Two-Man Saw
Mc_Patatas
0:31 Loom
10:44 Feudal Age
12:31 Man-at-Arms
13:35 Forging
15:42 Scale Mail Armor
15:40 Double-Bit Axe
17:31 Wheelbarrow
38:22 Castle Age
39:05 Elite Skirmisher
tupapa13
10:30 Feudal Age
10:33 Loom
14:38 Castle Age
12:38 Double-Bit Axe
13:15 Horse Collar
23:59 Redemption
25:43 Wheelbarrow
33:18 Imperial Age
32:01 Gold Mining
32:15 Fletching
32:59 Bodkin Arrow
34:41 Gold Shaft Mining
34:38 Bracer
35:53 Padded Archer Armor
36:33 Hand Cart
36:04 Town Watch
38:07 Artillery
39:05 Conscription
39:23 Leather Archer Armor
EmperorofMayhem94
2:03 Loom
11:21 Feudal Age
11:54 Double-Bit Axe
12:55 Wheelbarrow
15:24 Horse Collar
Connection lost

Rejoining the realm…

Still unreachable

The connection could not be restored.

Session expired

The server has moved on; the page needs a fresh start.